 Dungeon Crawl Stone Soup version 0.31-a0-626-g8143ab4f1d (webtiles) character file.

Game seed: 18181141116483329346

1027 zenocrate the Insei (level 8, 0/44 (48) HPs)
             Began as an Octopode Shapeshifter on Aug 24, 2023.
             Slain by Edmund
             ... wielding a +2 dire flail of draining
              (6 damage)
             ... on level 5 of the Dungeon.
             The game lasted 00:07:03 (4500 turns).

zenocrate the Insei (Octopode Shapeshifter)         Turns: 4500, Time: 00:07:03

HP:   0/44 (48)     AC:  1    Str: 14    XL:     8   Next: 23%
MP:   8/8           EV: 14    Int: 10    God:
Gold: 311           SH:  0    Dex: 15    Spells: 1/7 levels left

rFire   . .          .
                       - Unarmed
rCold   + . .        (no shield)
rNeg    . . .        (helmet currently unavailable)
rPois   .            (no amulet)
rElec   .            f - ring of protection from cold
rCorr   .            h - ring of see invisible
SInv    +            k - ring of wizardry
Will    .....        (no ring)
Stlth   ++           (no ring)
HPRegen 0.27/turn    (no ring)
MPRegen 0.11/turn    (no ring)
                     (no ring)

%: wizardry (x1)
@: beast-form, drained
A: beast (slay +3), almost no armour, amphibious, 8 rings, camouflage 1,
gelatinous body 1, (nimble swimmer 1), tentacles
a: Begin Untransformation


You were on level 5 of the Dungeon.
You were a hulking beast.
You visited 1 branch of the dungeon, and saw 5 of its levels.
You also visited: Sewer.

You collected 311 gold pieces.

Inventory:

Missiles
 d - 8 poisoned darts (quivered)
 A - 3 boomerangs
Jewellery
 f - a ring of protection from cold (left tentacle)
 h - a ring of see invisible (right tentacle)
 k - a ring of wizardry (on tentacle)
Talismans
 b - a beast talisman (active)
 c - a flux talisman
Wands
 a - a wand of flame (23)
 q - a wand of iceblast (5)
 w - a wand of polymorph (3)
 B - a wand of acid (8)
Scrolls
 e - 3 scrolls of blinking
 i - 3 scrolls of enchant weapon
 j - 2 scrolls of revelation
 l - a scroll of immolation {unknown}
 m - 3 scrolls of summoning
 s - 2 scrolls of teleportation
 x - a scroll of amnesia {unknown}
 y - a scroll of fog
 C - a scroll of poison {unknown}
Potions
 g - a potion of ambrosia
 n - 6 potions of enlightenment
 o - a potion of might
 p - a potion of magic
 r - a potion of haste
 t - 2 potions of heal wounds
 u - 2 potions of mutation {unknown}
 v - 2 potions of curing {unknown}
 z - a potion of brilliance {unknown}


   Skills:
 - Level 1.0 Fighting
 - Level 3.1 Dodging
 + Level 6.2 Unarmed Combat
 - Level 0.3 Spellcasting
 + Level 5.1 Evocations
 + Level 5.5 Shapeshifting


You had one spell level left.
You knew the following spells:

 Your Spells              Type           Power      Damage    Failure   Level
a - Ozocubu's Armour      Ice            0%         N/A       38%         3
b - Tukima's Dance        Hex            0%         N/A       38%         3

Your spell library contained the following spells:

 Spells                   Type           Power      Damage    Failure   Level
 Foxfire                  Conj/Fire      0%         2x1d4     16%         1
 Necrotise                Necr           0%         1d4       16%         1
 Portal Projectile        Hex/Tloc       0%         N/A       38%         3
 Vampiric Draining        Necr           0%         2d6       38%         3
 Iskenderun's Mystic Bla  Conj/Tloc      0%         2d3       78%         4
 Leda's Liquefaction      Hex/Erth       0%         N/A       78%         4
 Agony                    Necr           0%         N/A       98%         5
 Lee's Rapid Deconstruct  Erth           0%         3d4*      98%         5
 Metabolic Englaciation   Hex/Ice        0%         N/A       98%         5
 Leda's Unmaking          Conj/Erth      0%         9d1       100%        6
 Simulacrum               Ice/Necr       0%         N/A       100%        6


Dungeon Overview and Level Annotations

Branches:
Dungeon (5/15)              Sewer (visited)
 Temple: D:4-7

Altars:
Ashenzari
Cheibriados
Dithmenos
Sif Muna

Annotations:
D:5 Edmund


Innate Abilities, Weirdness & Mutations

You are a hulking beast.
Your limbs bulge with bestial killing power. (Slay +3)
You cannot wear most types of armour.
You are amphibious.
You can wear up to eight rings at the same time.
Your skin changes colour to match your surroundings (Stealth+).
Your rubbery body absorbs attacks. (AC +1, EV +1)
((You are camouflaged when in or above water. (Stealth+)))
You have tentacles for arms and can constrict up to eight enemies at once.


Message History

C - a scroll labelled TIEDOI EHOUCKUN No target in view!
You open the door.
Found an escape hatch in the ceiling.
There is an open door here.
No target in view!
An orc comes into view. It is wielding a +0 hand axe.
Found a falchion.
The orc shouts!
The orc hits you with a +0 hand axe.
You closely miss the orc. Your grab misses the orc.
Your squeeze misses the orc.
You tentacle-slap the orc but do no damage.
You grab the orc. You tentacle-slap the orc. You squeeze the orc.
You kill the orc!
No target in view!
No target in view!
HP restored.
An orc wizard comes into view. It is wielding a +0 dagger.
An orc wizard is nearby!
Edmund and an orc priest come into view.
Edmund is wielding a +2 dire flail of draining.
Edmund shouts!
You hear a shout!
An orc comes into view. It is wielding a +0 short sword.
There are monsters nearby!
There are monsters nearby!
The orc priest shouts!
The orc wizard shouts!
You hear a shout!
Edmund hits you with a +2 dire flail of draining!
You feel drained. Edmund attacks as he pursues you!
Edmund hits you with a +2 dire flail of draining!!
You feel drained.
* * * LOW HITPOINT WARNING * * *
There is an escape hatch in the ceiling here.
The orc wizard casts a spell at you. The magic dart hits you!
* * * LOW HITPOINT WARNING * * *
Edmund hits you with a +2 dire flail of draining.
You die...
Edmund says, "I'd like to see a scythe do that!"

#. .....
#.#########....#
#.).....o......#
#./............#
#.......o.......
#.............##
#.............#
#....o........#
#.h@..........#
#...).........#
#............##
#########'####
#.# #.# #.# #.#
#.#


You could see Edmund, an orc priest, an orc wizard and an orc.

Vanquished Creatures
  Menkaure (D:4)
  A black bear (D:4)
  A scorpion (D:4)
  2 howler monkeys (D:4)
  3 hounds (D:4)
  2 orc priests (D:4)
  Jessica (D:3)
  A gnoll bouda (D:4)
  2 iguanas (D:4)
  2 orc wizards (D:3)
  Natasha (D:3)
  13 gnolls
  6 adders
  2 river rats (Sewer)
  An ufetubus (D:4)
  3 worms
  3 dart slugs
  18 orcs
  3 endoplasms
  6 giant cockroaches
  8 goblins
  5 hobgoblins
  17 jackals
  6 quokkas
  8 ball pythons
  10 bats
  3 frilled lizards
  9 kobolds
  6 rats
144 creatures vanquished.

Notes
Turn   | Place    | Note
-------+----------+-------------------------------------------
     0 | D:1      | zenocrate the Octopode Shapeshifter began the quest for the
                  | Orb.
     0 | D:1      | Reached XP level 1. HP: 13/13 MP: 1/1
   123 | D:1      | Reached XP level 2. HP: 18/18 MP: 2/2
   508 | D:1      | Found a faded altar of an unknown god.
   516 | D:1      | Got Plato's Directory of Anthracomancy
   979 | D:2      | Reached XP level 3. HP: 19/23 MP: 3/3
  1125 | D:2      | Reached XP level 4. HP: 2/28 MP: 4/4
  1301 | D:2      | Learned a level 3 spell: Ozocubu's Armour
  1314 | D:2      | You fall into a shaft and drop 2 floors!
  1341 | D:4      | Reached skill level 4 in Unarmed Combat
  1341 | D:4      | Reached skill level 1 in Evocations
  1344 | D:4      | Reached XP level 5. HP: 32/33 MP: 5/5
  1381 | D:4      | Reached XP level 6. HP: 8/38 MP: 6/6
  1776 | D:4      | Found a glowing drain.
  1786 | Sewer    | Entered a sewer
  1887 | Sewer    | Reached skill level 5 in Unarmed Combat
  2080 | Sewer    | Reached XP level 7. HP: 34/43 MP: 7/7
  2659 | D:4      | Noticed Menkaure
  2667 | D:4      | Killed Menkaure
  2692 | D:3      | Noticed Jessica
  2701 | D:3      | Killed Jessica
  2702 | D:3      | Reached skill level 5 in Shapeshifting
  3378 | D:3      | Found a broken altar of Ashenzari.
  3461 | D:3      | Noticed Natasha
  3467 | D:3      | Killed Natasha
  3617 | D:3      | Reached XP level 8. HP: 35/48 MP: 8/8
  3752 | D:3      | Found a shadowy altar of Dithmenos.
  3752 | D:3      | Found a shimmering blue altar of Sif Muna.
  3819 | D:3      | Learned a level 3 spell: Tukima's Dance
  3871 | D:4      | Reached skill level 6 in Unarmed Combat
  3953 | D:4      | Reached skill level 5 in Evocations
  4286 | D:4      | Found a snail-covered altar of Cheibriados.
  4447 | D:5      | Entered Level 5 of the Dungeon
  4490 | D:5      | Noticed Edmund
  4500 | D:5      | Slain by Edmund

Illustrated notes

Levels and vault maps discovered:
D:1:      beargit_arrival_greenhouse, layout_basic,
          shapermc_ecumenical_altar_rom_forum, minivault_5
D:2:      layout_basic
D:3:      layout_basic, mainiacjoe_overflow_divided_tiny,
          nicolae_overflow_crystal_walls, uniq_natasha, uniq_jessica
D:4:      layout_basic, lemuel_round_altar, cheibrodos_sewer_entry_bend,
          hangedman_minor_gate_pass, uniq_menkaure
D:5:      layout_basic, old_standard_altar, uniq_blork_the_orc, uniq_edmund

Skill      XL: |  1  2  3  4  5  6  7  8 |
---------------+-------------------------+-----
Dodging        | 3 |  3.1
Unarmed Combat | 4 5 6 |  6.2
Evocations     | 1 2 3 4 5 |  5.1
Shapeshifting  | 4 5 |  5.5
Fighting       | |  1.0
Spellcasting   | |  0.3

Action                     |  1- 3 |  4- 6 |  7- 9 || total
---------------------------+-------+-------+-------++-------
  Melee: Unarmed           |    47 |   110 |   125 ||   282
         Constrict         |    14 |    29 |    38 ||    81
         Tentacles         |    14 |    26 |    34 ||    74
         Punch             |       |     2 |     6 ||     8
  Throw: Dart              |       |     1 |       ||     1
    Use: Scroll            |       |     8 |     5 ||    13
         Potion            |       |     1 |       ||     1
   Stab: Sleeping          |     3 |     6 |     4 ||    13
         Distracted        |     1 |       |       ||     1
 Armour: Skin              |     6 |    24 |     5 ||    35
  Dodge: Dodged            |    26 |    70 |    88 ||   184

Table legend: (Time is in decaauts)
 A = Elapsed time spent in this place.
 B = Non-inter-level travel time spent in this place.
 C = Inter-level travel time spent in this place.
 D = Time resting spent in this place.
 E = Time spent auto-exploring this place.
 F = Levels seen in this place.
 G = Mean time per level.
                   A        B        C        D        E       F      G
               +--------+--------+--------+--------+--------+-----+--------+
         Total |   4475 |   4416 |     59 |    146 |   3392 |   6 |  745.8 |
       Dungeon |   3973 |   3914 |     59 |    146 |   3042 |   5 |  794.6 |
         Sewer |    502 |    502 |      0 |      0 |    350 |   1 |  502.0 |
               +--------+--------+--------+--------+--------+-----+--------+

Top non-repeatable levels by time:
     D:4: 1459 daAuts
     D:3: 905 daAuts
     D:1: 844 daAuts
     D:2: 712 daAuts
   Sewer: 502 daAuts
     D:5: 52 daAuts
